cohdb
Replays
Latest Replays
All Replays
Popular Replays
Top Player Replays
Match Explorer
How It Works
Community
CoH3 Stats
Reddit
Sign in to upload your games and track your stats! →
Sign in with Steam
Match 45269436
Unlisted
Match 45269436
Overview
Messages
Build Orders
End
Kradschützen Motorcycle Team
Panzergrenadier Squad
250 Light Carrier
Panzerpioneer Squad
Construct Light Support Kompanie
MG34 Team
Fire Support Elements
Selects Panzerjäger Kommand Battlegroup
Selects Tank Busters
Selects Mine Fields
Vehicle Survival Package
Flakvierling Half-track
Flakvierling Half-track
Selects Defensive Positions
Panzerjäger Mechanized Group
Selects Crew Shock Tactics
Panzerjäger Squad
2.5-tonne Medical Truck
Selects Butterfly Bomb Drop
Panzergrenadier Squad
Veteran Squad Leaders
Construct Panzerarmee Kommand
Walking Stuka Rocket Launcher
Butterfly Bomb Drop
KampFTrikeR
Ermac[Pointrunner]
Garzet
[CyPu]Lord Chaos
0
0
Comments
sign in to comment!
No comments posted yet!